 Dungeon Crawl Stone Soup version 0.26-a0-651-gb41185065b (webtiles) character file.

Game seed: 16471982036144552108

2085 Irenicus the Geomancer (level 9, -2/68 HPs)
             Began as a Deep Dwarf Earth Elementalist on Oct 18, 2020.
             Killed from afar by Dowan (9 damage)
             ... with a puff of flame
             ... on level 6 of the Dungeon.
             The game lasted 00:21:31 (2760 turns).

Irenicus the Geomancer (DDEE)                       Turns: 2760, Time: 00:21:31

Health: -2/68      AC: 10    Str: 12    XL:     9   Next: 6%
Magic:  11/11      EV: 12    Int: 19    God:
Gold:   220        SH:  0    Dex: 13    Spells: 8/11 levels left

rFire    . . .     SeeInvis +   m - +2 dagger (freeze)
rCold    + . .     Faith    .   (no shield)
rNeg     . . .     Spirit   .   c - +1 leather armour {rC+}
rPois    .         Reflect  .   h - +2 helmet {SInv}
rElec    .         Harm     .   s - +2 cloak
rCorr    .         Rampage  .   (no gloves)
MR       +....                  (no boots)
Stlth    ++........             (no amulet)
HPRegen  0.00/turn              (no ring)
MPRegen  0.12/turn              (no ring)

@: non-regenerating
A: damage resistance, heal wounds, sense surroundings 2, no regeneration
a: Heal Wounds


You were on level 6 of the Dungeon.
You visited 1 branch of the dungeon, and saw 6 of its levels.

You collected 220 gold pieces.

Inventory:

Hand Weapons
 m - a +2 dagger of freezing (weapon)
   (You took it off a kobold on level 2 of the Dungeon)
 o - a +0 dagger of venom
   (You took it off an orc wizard on level 5 of the Dungeon)
Missiles
 b - 74 stones (quivered)
Armour
 c - a +1 leather armour of cold resistance (worn)
   (You took it off an orc on level 3 of the Dungeon)
 g - a +1 leather armour of fire resistance
   (You took it off Eustachio on level 4 of the Dungeon)
 h - a +2 helmet of see invisible (worn)
   (You found it on level 4 of the Dungeon)
 n - the +4 chain mail "Iklerph" {rF- rC+ MR- Str+8}
   (You found it on level 5 of the Dungeon)

   It affects your strength (+8).
   It makes you vulnerable to fire.
   It protects you from cold.
   It affects your resistance to hostile enchantments.
 s - a +2 cloak (worn)
   (You took it off Crazy Yiuf on level 3 of the Dungeon)
Wands
 j - a wand of enslavement (8)
   (You found it on level 5 of the Dungeon)
 p - a wand of flame (16)
   (You found it on level 6 of the Dungeon)
Scrolls
 f - 4 scrolls of identify
 i - a scroll of fear
 l - a scroll of fog
 q - a scroll of teleportation
 r - 3 scrolls of remove curse
Potions
 a - 2 potions of cancellation
 d - a potion of curing
 e - a potion of stabbing
 k - 2 potions of haste


   Skills:
 - Level 2.1 Dodging
 - Level 2.4 Stealth
 - Level 1.7 Spellcasting
 - Level 0.8 Transmutations
 + Level 13.2 Earth Magic
 + Level 8.2 Evocations


You had 8 spell levels left.
You knew the following spells:

 Your Spells              Type           Power        Failure   Level
a - Sandblast             Erth           ######       1%          1
w - Passwall              Tmut/Erth      ####....     1%          2

Your spell library contained the following spells:

 Spells                   Type           Power        Failure   Level
 Lee's Rapid Deconstruct  Erth           ######....   2%          5
 Stone Arrow              Conj/Erth      ####..       4%          3
 Petrify                  Tmut/Erth      ####....     12%         4
 Confusing Touch          Hex            #.......     54%         3
 Gell's Gravitas          Tloc           #.........   54%         3
 Metabolic Englaciation   Hex/Ice        #.........   99%         5
 Yara's Violent Unravell  Hex/Tmut       #.........   99%         5


Dungeon Overview and Level Annotations

Branches:
Dungeon (6/15)
 Temple: D:4-7

Altars:
Wu Jian

Annotations:
D:5 Edmund
D:6 Dowan


Innate Abilities, Weirdness & Mutations

You are resistant to damage.
You can heal yourself by infusing magical energy.
You passively map the area around you.
You do not regenerate.


Message History

You see here a ring mail.
There is a stone staircase leading down here.
A bullfrog comes into view.
You see here a war axe.
Casting: Sandblast (safe; 1% risk of failure)
Confirm with . or Enter, or press ? or * to list all spells.
Aiming: Sandblast (safe; 1% risk of failure)
Press: ? - help, Shift-Dir - straight line, f - bullfrog
Aim: a bullfrog (asleep)
The blast of sand hits the bullfrog!!
You kill the bullfrog!
Your Evocations skill increases to level 8!
You have reached level 9!
Your experience leads to an increase in your attributes!
Increase (s)trength, (i)ntelligence, or (d)exterity?
You feel clever.
Your attunement to dungeon structure grows.
b - 74 stones You now have 7/11 mp.
Found a wand of flame (23) and a dagger.
Found a stone staircase leading down.
Blork the orc comes into view.
He is wielding a +0 long sword.
Marking area around Blork the orc as unsafe for travelling.
You see here a wand of flame (23).
p - a wand of flame (23)
Okay, then.
Really walk into a travel-excluded area? [Y]es or [N]o only, please.
Really walk into a travel-excluded area?
Okay, then.
Really walk into a travel-excluded area?
Blork the orc shouts!
Evoke which item? (* to show all) (? for menu, Esc to quit)
Aiming: Throw Flame
Press: ? - help, Shift-Dir - straight line, f - Blork the orc
Aim: Blork the orc, wielding a +0 long sword and wearing a +0 robe The puff of flame hits Blork the orc.
Blork the orc is lightly wounded.
Blork the orc screams, "You are the ugliest creature I've ever seen!"
Evoke which item? (* to show all) (? for menu, Esc to quit)
Aiming: Throw Flame
Press: ? - help, Shift-Dir - straight line, f/p - Blork the orc
Aim: Blork the orc, wielding a +0 long sword and wearing a +0 robe (lightly wounded)
The puff of flame hits Blork the orc!
Blork the orc is heavily wounded.
Blork the orc casts a spell at you. The puff of flame hits you.
* * * LOW HITPOINT WARNING * * *
You take 1 damage, and have 14/68 hp.
Evoke which item? (* to show all) (? for menu, Esc to quit)
Aiming: Throw Flame
Press: ? - help, Shift-Dir - straight line, f/p - Blork the orc
Aim: Blork the orc, wielding a +0 long sword and wearing a +0 robe (heavily wounded)
The puff of flame hits Blork the orc!
Blork the orc is severely wounded.
Blork the orc casts a spell at you. The magic dart hits you!
* * * LOW HITPOINT WARNING * * *
You take 7 damage, and have 7/68 hp.
Evoke which item? (* to show all) (? for menu, Esc to quit)
Aiming: Throw Flame
Press: ? - help, Shift-Dir - straight line, f/p - Blork the orc
Aim: Blork the orc, wielding a +0 long sword and wearing a +0 robe (severely wounded)
The puff of flame hits Blork the orc.
Blork the orc is severely wounded.
Evoke which item? (* to show all) (? for menu, Esc to quit)
Aiming: Throw Flame
Press: ? - help, Shift-Dir - straight line, f/p - Blork the orc
Aim: Blork the orc, wielding a +0 long sword and wearing a +0 robe (severely wounded)
The puff of flame hits Blork the orc!
You kill Blork the orc!
Things that are here:
a +0 long sword; a +0 robe; the orc corpse of Blork the orc You now have 200 gold pieces (gained 7).
MP restored: 11 You now have 210 gold pieces (gained 10).
You now have 220 gold pieces (gained 10).
Things that are here:
a +0 long sword; a +0 robe; the orc corpse of Blork the orc Dowan, Brother of Duvessa comes into view.
He is wielding a +0 dagger.
Marking area around Dowan as unsafe for travelling.
Evoke which item? (* to show all) (? for menu, Esc to quit)
Okay, then.
Okay, then.
Evoke which item? (* to show all) (? for menu, Esc to quit)
Aiming: Throw Flame
Press: ? - help, Shift-Dir - straight line, f - Dowan
Aim: Dowan, wielding a +0 dagger and wearing a +0 robe (asleep)
The puff of flame hits Dowan!
Dowan is heavily wounded.
Dowan shouts!
Evoke which item? (* to show all) (? for menu, Esc to quit)
Aiming: Throw Flame
Press: ? - help, Shift-Dir - straight line, f/p - Dowan
Aim: Dowan, wielding a +0 dagger and wearing a +0 robe (heavily wounded)
The puff of flame hits Dowan!
Dowan is severely wounded.
Dowan points at you and mumbles some strange words.
The puff of flame hits you!
You die...

# #.## * # #..# , , ** ,
, ######.#### * ,,
..........### **** * ,
.......##...## , , *
........###..## , , *
........# ##..# # ,
........# ##.####.#*
........#####...@..# *
**
...)..).##......###..e..
.......###......# ...,
........##......# ,,. ,
........######### * , ,
........# ,, , ,*
........# ........# , *
.......## * *


You could see Dowan.

Vanquished Creatures
  A two-headed ogre (D:4)
  Eustachio (D:4)
  An orc warrior (D:6)
  2 ice beasts (D:5)
  Blork the orc (D:6)
  A bullfrog (D:6)
  2 scorpions (D:5)
  4 killer bees (D:3)
  2 hounds
  A bullfrog zombie (D:5)
  A bullfrog skeleton (D:4)
  A jelly (D:4)
  Crazy Yiuf (D:3)
  Jessica (D:2)
  6 orc wizards
  5 worker ants
  A hound skeleton (D:4)
  4 adders
  3 gnolls (D:3)
  A howler monkey skeleton (D:5)
  An ooze (D:1)
  An adder zombie (D:5)
  4 adder skeletons
  A worm (D:3)
  A dart slug (D:1)
  2 leopard geckos
  11 orcs
  A ball python (D:3)
  2 giant cockroaches
  8 goblins
  5 hobgoblins
  2 jackals (D:3)
  7 kobolds
  2 quokkas
  8 bats
  2 frilled lizards
  A quokka skeleton (D:4)
  9 rats
108 creatures vanquished.

Vanquished Creatures (collateral kills)
  A quokka (D:5)
1 creature vanquished.

Vanquished Creatures (others)
  A centaur (D:6)
  6 toadstools (D:2)
7 creatures vanquished.

Grand Total: 116 creatures vanquished

Notes
Turn   | Place    | Note
-------+----------+-------------------------------------------
     0 | D:1      | Irenicus the Deep Dwarf Earth Elementalist began the quest
                  | for the Orb.
     0 | D:1      | Reached XP level 1. HP: 15/15 MP: 3/3
     3 | D:1      | Noticed an octopode
     3 | D:1      | Noticed an elf
     5 | D:1      | Noticed a demigod
     5 | D:1      | Noticed a minotaur
     7 | D:1      | Noticed a halfling
     7 | D:1      | Noticed a spriggan
     9 | D:1      | Noticed a demonspawn
     9 | D:1      | Noticed a human
    11 | D:1      | Noticed a naga
    11 | D:1      | Noticed a gargoyle
    13 | D:1      | Noticed a merfolk
    15 | D:1      | Noticed a dwarf
    15 | D:1      | Noticed a ghoul
    17 | D:1      | Noticed a troll
    17 | D:1      | Noticed a tengu
    19 | D:1      | Noticed a vine stalker
    19 | D:1      | Noticed a formicid
    21 | D:1      | Noticed a draconian
    23 | D:1      | Noticed a felid
    23 | D:1      | Noticed an ogre
    25 | D:1      | Noticed a vampire
    27 | D:1      | Noticed a centaur
    82 | D:1      | Reached XP level 2. HP: 20/22 MP: 0/4
   103 | D:1      | Reached skill level 5 in Earth Magic
   223 | D:1      | Learned a level 2 spell: Passwall
   482 | D:1      | Reached XP level 3. HP: 21/28 MP: 0/5
   613 | D:2      | Reached skill level 6 in Earth Magic
   862 | D:2      | Noticed Jessica
   863 | D:2      | Killed Jessica
   863 | D:2      | Reached XP level 4. HP: 21/36 MP: 0/6
  1036 | D:3      | Reached skill level 7 in Earth Magic
  1232 | D:3      | Found a runed translucent door.
  1233 | D:3      | Noticed Crazy Yiuf
  1259 | D:3      | Killed Crazy Yiuf
  1380 | D:3      | Reached XP level 5. HP: 22/42 MP: 0/7
  1381 | D:3      | Reached skill level 1 in Evocations
  1405 | D:3      | Reached skill level 2 in Evocations
  1552 | D:3      | HP: 8/42 [something/magic dart (4)]
  1557 | D:3      | HP: 5/42 [something (3)]
  1631 | D:3      | Reached skill level 3 in Evocations
  1634 | D:3      | Reached skill level 4 in Evocations
  1634 | D:3      | Reached XP level 6. HP: 15/49 MP: 0/8
  1636 | D:3      | HP: 11/49 [killer bee (4)]
  1641 | D:3      | Reached skill level 5 in Evocations
  1646 | D:3      | HP: 11/49 [killer bee (4)]
  1661 | D:4      | Noticed Eustachio
  1661 | D:4      | Noticed a two-headed ogre
  1723 | D:4      | Killed a two-headed ogre
  1723 | D:4      | Reached skill level 11 in Earth Magic
  1723 | D:4      | Reached XP level 7. HP: 20/55 MP: 0/9
  1723 | D:4      | Reached XP level 8. HP: 23/62 MP: 0/10
  1742 | D:4      | HP: 10/62 [river rat[Eustachio] (7)]
  1822 | D:4      | HP: 14/62 [Eustachio/+0 rapier (3)]
  1829 | D:4      | Killed Eustachio
  1977 | D:4      | HP: 13/62 [orc/boomerang (1)]
  2037 | D:4      | Reached skill level 12 in Earth Magic
  2165 | D:5      | Entered Level 5 of the Dungeon
  2206 | D:5      | Got a slimy chain mail
  2220 | D:5      | Identified the +4 chain mail "Iklerph" {rF- rC+ MR- Str+8}
                  | (You found it on level 5 of the Dungeon)
  2244 | D:5      | Reached skill level 6 in Evocations
  2296 | D:5      | Found an ornate altar of the Wu Jian Council.
  2308 | D:5      | HP: 10/62 [bullfrog zombie (3)]
  2340 | D:5      | HP: 7/62 [ice beast (3)]
  2341 | D:5      | Reached skill level 7 in Evocations
  2577 | D:5      | Noticed Edmund
  2634 | D:6      | Reached skill level 13 in Earth Magic
  2651 | D:6      | HP: 14/62 [centaur/arrow (1)]
  2693 | D:6      | Reached skill level 8 in Evocations
  2693 | D:6      | Gained mutation: You passively map the area around you.
                  | [Deep Dwarf growth]
  2693 | D:6      | Reached XP level 9. HP: 15/68 MP: 7/11
  2703 | D:6      | Noticed Blork the orc
  2712 | D:6      | HP: 14/68 [Blork the orc/puff of flame (1)]
  2715 | D:6      | Killed Blork the orc
  2758 | D:6      | Noticed Dowan
  2760 | D:6      | Killed from afar by Dowan

Illustrated notes

Levels and vault maps discovered:
D:1:      kb_arrival_jail, layout_loops_ring
D:2:      cheibrodos_fertilizer, layout_basic, minmay_between, uniq_jessica
D:3:      layout_basic, uniq_crazy_yiuf_cottage
D:4:      layout_cave_pods, grunt_ministairs_15, uniq_eustachio
D:5:      layout_loops_ring, kennysheep_mini, uniq_edmund
D:6:      layout_rooms, uniq_blork_the_orc, uniq_duvessa

Skill      XL: |  1  2  3  4  5  6  7  8 |
---------------+-------------------------+-----
Earth Magic    | 5 6 7 11 13 | 13.2
Evocations     | 4 5 8 |  8.2
Dodging        | |  2.1
Stealth        | |  2.4
Spellcasting   | |  1.7
Transmutations | |  0.8

Action                   |  1- 3 |  4- 6 |  7- 9 || total
-------------------------+-------+-------+-------++-------
Melee: Whip              |    17 |       |       ||    17
       Dagger            |     7 |    18 |    12 ||    37
 Cast: Sandblast         |    38 |    57 |    77 ||   172
       Passwall          |     5 |     7 |       ||    12
 Abil: Heal Wounds       |       |     1 |       ||     1
Evoke: Wand              |       |    23 |    11 ||    34
  Use: Scroll            |     2 |     4 |     1 ||     7
       Potion            |       |     8 |     2 ||    10
 Stab: Sleeping          |       |     1 |       ||     1
Armor: Robe              |    13 |     1 |       ||    14
       Leather armour    |       |    23 |    27 ||    50
       Skin              |       |     3 |       ||     3
Dodge: Dodged            |    31 |    49 |    40 ||   120

Table legend: (Time is in decaauts)
 A = Elapsed time spent in this place.
 B = Non-inter-level travel time spent in this place.
 C = Inter-level travel time spent in this place.
 D = Time resting spent in this place.
 E = Time spent auto-exploring this place.
 F = Levels seen in this place.
 G = Mean time per level.
                   A        B        C        D        E       F      G
               +--------+--------+--------+--------+--------+-----+--------+
         Total |   2740 |   2740 |      0 |     16 |      7 |   6 |  456.7 |
       Dungeon |   2740 |   2740 |      0 |     16 |      7 |   6 |  456.7 |
               +--------+--------+--------+--------+--------+-----+--------+

Top non-repeatable levels by time:
     D:3: 680 daAuts
     D:1: 548 daAuts
     D:4: 497 daAuts
     D:5: 465 daAuts
     D:2: 419 daAuts
     D:6: 128 daAuts

Table legend:
 A = Kills in this place as a percentage of kills in entire the game.
 B = Kills by you in this place as a percentage of kills by you in the entire game.
 C = Kills by friends in this place as a percentage of kills by friends in the entire game.
 D = Other kills in this place as a percentage of other kills in the entire game.
 E = Experience gained in this place as a percentage of experience gained in the entire game.
 F = Experience gained in this place divided by the number of levels of this place that you have seen.
                   A       B       C       D       E      F
               +-------+-------+-------+-------+-------+----------------------
         Total | 100.0 | 100.0 | 100.0 | 100.0 | 100.0 | 496.5
       Dungeon | 100.0 | 100.0 | 100.0 | 100.0 | 100.0 | 496.5
               +-------+-------+-------+-------+-------+----------------------
